 Dungeon Crawl Stone Soup version 0.20.1-1-g8b1a95d (webtiles) character file.

277 equalderp2856 the Skirmisher (level 6, -2/48 HPs)
             Began as a Mummy Fighter on Oct 25, 2017.
             Slain by Edmund
             ... wielding a +5 flail of protection
              (9 damage)
             ... on level 2 of the Dungeon.
             The game lasted 00:04:58 (3735 turns).

equalderp2856 the Skirmisher (Mummy Fighter)        Turns: 3735, Time: 00:04:58

Health: -2/48      AC:  9    Str: 19    XL:     6   Next: 4%
Magic:  6/6        EV:  5    Int: 10    God:
Gold:   147        SH:  9    Dex: 11    Spells: 5/5 levels left

rFire    x . .     SeeInvis .   a - +0 war axe
rCold    + . .     Gourm    .   c - +0 shield
rNeg     + + +     Faith    .   h - +0 chain mail (curse)
rPois    ∞         Spirit   .   (no helmet)
rElec    .         Reflect  .   (no cloak)
rCorr    .         Harm     .   (no gloves)
MR       .....                  (no boots)
Stlth    ..........             (no amulet)
Regen    0.2/turn               (no ring)
MPRegen  0.1/turn               (no ring)

@: no status effects
A: no food or potions, fire vulnerability, cold resistance 1, negative energy
resistance 3, torment resistance, unbreathing
a: no special abilities


You were on level 2 of the Dungeon.
You were not hungry.

You visited 1 branch of the dungeon, and saw 4 of its levels.

You collected 147 gold pieces.

Inventory:

Hand Weapons
 a - a +0 war axe (weapon)
Armour
 b - a +0 scale mail
 c - a +0 shield (worn)
 h - a cursed +0 chain mail (worn)
 j - a +1 scale mail of cold resistance
Jewellery
 i - an uncursed ring of positive energy {unknown}
 m - a +3 ring of slaying {unknown}
Wands
 k - a wand of polymorph (0/24)
Scrolls
 d - 4 scrolls of teleportation
 e - 2 scrolls of remove curse {unknown}
 f - 2 scrolls of amnesia {unknown}
 g - 5 scrolls of identify {unknown}
 l - a scroll of immolation {unknown}
 n - a scroll of recharging {unknown}
 o - a scroll of magic mapping {unknown}


   Skills:
 + Level 3.7 Fighting
 + Level 3.3 Axes
 + Level 3.3 Armour
 + Level 0.7 Dodging
 + Level 0.1 Stealth
 + Level 3.4 Shields


You had 5 spell levels left.
You didn't know any spells.

Dungeon Overview and Level Annotations

Branches:
Dungeon (4/15)
 Temple: D:4-7

Altars:
Gozag
Qazlal
Xom

Annotations:
D:2 Edmund
D:3 Tr0llz0r's ghost, amateur HOFi
D:4 Eustachio; Mlkhall's ghost, amateur DrAE; Pikel; Robin


Innate Abilities, Weirdness & Mutations

You do not eat or drink.
Your flesh is vulnerable to fire.
You are immune to poison.
Your flesh is cold resistant. (rC+)
You are immune to negative energy. (rN+++)
You are immune to unholy pain and torment.
You can survive without breathing.


Message History

Edmund hits you with a flail of protection.
You block the adder's attack.
Edmund hits you with a flail of protection!
The adder bites you.
You slash the adder!
The adder is severely wounded.
You closely miss Edmund. The adder bites you but does no damage.
You block Edmund's attack. The adder bites you but does no damage.
You hit the adder.
The adder is severely wounded.
You hit Edmund but do no damage. The adder bites you but does no damage.
Edmund hits you with a flail of protection!
* * * LOW HITPOINT WARNING * * *
The adder bites you.
* * * LOW HITPOINT WARNING * * *
You slash the adder!
You kill the adder!
Your shield and chain mail prevent you from hitting Edmund.
Edmund hits you with a flail of protection!
You die...

.#............#.#..# #.####.....
.#.#####.####.#....# #.# #.###.
.#.# #>####.###.## ##.####.###.
.#.# ##...##..##.####........##.
.#.# #.....#...........####..##.
.#.# #................)####.†##.
.#.# #.....#...r.#####...##.....
.#.# ##...###.#@######.#.##..###
.#.# #..## ###@#......#.##..###
.#(# #..# #†#.######.....<.. ((.#
#..# #.#.# #..#..### .#######..#
##.#.######..#...(. ..........#
#............##.###
#######...#####.....####......###
# #.#..)....##..####.#.#)(... #
#...########............###
#######.#.# ###.#####.#<#.## #


You could see Edmund and a rat.

Vanquished Creatures
  A slave (D:3)
  A scorpion (D:4)
  Natasha (thrice) (D:2)
  Terence (D:2)
  A worker ant (D:4)
  A gnoll (D:1)
  3 adders
  An ooze (D:1)
  A worm (D:3)
  3 leopard geckos
  5 bats
  2 giant cockroaches (D:2)
  11 goblins
  5 hobgoblins
  6 jackals
  5 kobolds
  3 quokkas
  A ball python skeleton (D:4)
  A frilled lizard (D:1)
  9 rats
64 creatures vanquished.

Notes
Turn   | Place    | Note
-------+----------+-------------------------------------------
     0 | D:1      | equalderp2856 the Mummy Fighter began the quest for the Orb.
     0 | D:1      | Reached XP level 1. HP: 18/18 MP: 1/1
   309 | D:1      | Reached XP level 2. HP: 22/24 MP: 2/2
   841 | D:1      | Reached XP level 3. HP: 28/29 MP: 3/3
  1188 | D:2      | Noticed Terence
  1210 | D:2      | Killed Terence
  1210 | D:2      | Reached XP level 4. HP: 26/35 MP: 4/4
  1218 | D:2      | Noticed Natasha
  1226 | D:2      | Killed Natasha
  1582 | D:2      | Noticed Natasha
  1592 | D:2      | Killed Natasha
  1673 | D:2      | Noticed Natasha
  1675 | D:2      | Killed Natasha
  1675 | D:2      | Reached XP level 5. HP: 36/41 MP: 5/5
  1927 | D:3      | Noticed Tr0llz0r's ghost (amateur HOFi)
  2749 | D:4      | Found an opulent altar of Gozag.
  2752 | D:4      | Noticed Mlkhall's ghost (amateur DrAE)
  2783 | D:4      | Noticed Eustachio
  3028 | D:4      | Noticed Robin
  3029 | D:4      | Noticed a slave
  3032 | D:4      | Noticed Pikel
  3032 | D:4      | Noticed Edmund
  3033 | D:4      | Noticed a slave
  3034 | D:4      | Noticed a slave
  3040 | D:4      | Noticed a slave
  3060 | D:4      | Found a shimmering altar of Xom.
  3060 | D:4      | Found a stormy altar of Qazlal.
  3387 | D:3      | Killed a slave
  3460 | D:3      | Reached XP level 6. HP: 21/48 MP: 6/6
  3735 | D:2      | Slain by Edmund

Skill      XL: |  1  2  3  4  5 |
---------------+----------------+-----
Axes           | 2 3 |  3.3
Shields        | 3 |  3.4
Armour         | 3 |  3.3
Fighting       | |  3.7
Dodging        | |  0.7
Stealth        | |  0.1

Action                   |  1- 3 |  4- 6 || total
-------------------------+-------+-------++-------
Melee: War axe           |   140 |   205 ||   345
  Use: Scroll            |       |     1 ||     1
Armor: Scale mail        |    14 |       ||    14
       Chain mail        |    71 |   101 ||   172
Dodge: Dodged            |    32 |    49 ||    81
Block: Shield            |    82 |   118 ||   200
